 Dungeon Crawl Stone Soup version 0.27.1-34-g3ba077fa99 (webtiles) character file.

Game seed: 2496253884973571601

118 Kaptain the Digger (level 4, -7/35 HPs)
             Began as a Demigod Earth Elementalist on Jan 24, 2022.
             Splashed by Ijyb's acid (15 damage)
             ... on level 4 of the Dungeon.
             The game lasted 00:07:19 (3086 turns).

Kaptain the Digger (Demigod Earth Elementalist)     Turns: 3086, Time: 00:07:21

Health: -7/35      AC: -1    Str:  9    XL:     4   Next: 45%
Magic:  2/10       EV: 12    Int: 21    God:
Gold:   214        SH:  0    Dex: 14    Spells: 3/7 levels left

rFire    . . .     SeeInvis .   f - +1 mace
rCold    . . .     Faith    .   (no shield)
rNeg     . . .     Spirit   .   b - +0 robe
rPois    .         Reflect  .   (no helmet)
rElec    .         Harm     .   i - scarf {repulsion}
rCorr    .         Rampage  .   (no gloves)
Will     .....                  (no boots)
Stlth    ++........             (no amulet)
HPRegen  0.11/turn              n - ring of flight
MPRegen  0.12/turn              (no ring)

@: corroded, flying, repel missiles
A: high mp 1, forlorn
a: no special abilities


You were on level 4 of the Dungeon.
You visited 1 branch of the dungeon, and saw 4 of its levels.

You collected 214 gold pieces.

Inventory:

Hand Weapons
 f - a +1 mace (weapon)
 h - a +2 dagger of speed
Armour
 b - a +0 robe (worn)
 i - a scarf of repulsion (worn)
Jewellery
 n - a ring of flight (left hand)
Scrolls
 d - a scroll of noise {unknown}
 e - a scroll of enchant armour {unknown}
 g - 4 scrolls of identify
 j - a scroll of immolation {unknown}
 m - a scroll of teleportation {unknown}
Potions
 a - a potion of might {unknown}
 k - a potion of curing {unknown}
 l - a potion of lignification {unknown}


   Skills:
 + Level 1.0 Fighting
 + Level 1.0 Armour
 + Level 2.3 Dodging
 + Level 2.3 Stealth
 * Level 2.4 Spellcasting
 * Level 0.6 Conjurations
 - Level 0.8 Transmutations
 * Level 3.4 Earth Magic


You had 3 spell levels left.
You knew the following spells:

 Your Spells              Type           Power      Damage    Failure   Level
a - Sandblast             Erth           34%        2d9       3%          1
b - Stone Arrow           Conj/Erth      22%        3d8       19%         3

Your spell library contained the following spells:

 Spells                   Type           Power      Damage    Failure   Level
 Passwall                 Tmut/Erth      9%         N/A       9%          2
 Conjure Flame            Conj/Fire      3%         6-21      36%         3
 Ignite Poison            Fire/Tmut/Pois 3%         N/A       36%         3
 Ozocubu's Armour         Ice            2%         N/A       38%         3
 Petrify                  Tmut/Erth      11%        N/A       50%         4
 Sticky Flame             Conj/Fire      3%         2d3       77%         4
 Ozocubu's Refrigeration  Ice            1%         4d5       100%        7


Dungeon Overview and Level Annotations

Branches:
Dungeon (4/15)
 Temple: D:4-7

Annotations:
D:4 Ijyb


Innate Abilities, Weirdness & Mutations

Your attributes grow dramatically as you level up.
You have an increased reservoir of magic. (+10% MP)
You shall have no god before yourself.


Message History

Aiming: Stone Arrow (quite dangerous; 19% risk of failure)
Press: ? - help, Shift-Dir - straight line, f/p - Ijyb
Aim: Ijyb, wielding a +0 club, wearing a +0 leather armour and carrying a wand of acid (8) (heavily wounded, 60% to hit)
You miscast Stone Arrow.
You are very lightly contaminated with residual magic.
Nothing appears to happen.
Casting: Stone Arrow (quite dangerous; 19% risk of failure)
Confirm with . or Enter, or press ? or * to list all spells.
The spell is quite dangerous to cast (19% risk of failure)!
Continue anyway?
Aiming: Stone Arrow (quite dangerous; 19% risk of failure)
Press: ? - help, Shift-Dir - straight line, f/p - Ijyb
Aim: Ijyb, wielding a +0 club, wearing a +0 leather armour and carrying a wand of acid (8) (heavily wounded, 60% to hit)
The stone arrow misses Ijyb.
You hit Ijyb.
Ijyb is heavily wounded.
Ijyb barely misses you.
You miss Ijyb.
Ijyb is heavily wounded.
Ijyb hits you with a +0 club. Ijyb completely misses you.
You hit Ijyb.
Ijyb is severely wounded.
Ijyb screams, "I cut your head off!" Ijyb hits you but does no damage.
You barely miss Ijyb.
Ijyb is severely wounded.
Ijyb hits you with a +0 club. Ijyb closely misses you.
Your magical contamination has completely faded away.
You closely miss Ijyb.
Ijyb is severely wounded.
Ijyb misses you.
You hit Ijyb.
Ijyb is severely wounded.
Ijyb hits you with a +0 club.
You closely miss Ijyb.
Ijyb is severely wounded.
Ijyb barely misses you.
Ijyb zaps a wand.
The bolt of acid hits you!!
Ouch! That really hurt!
* * * LOW HITPOINT WARNING * * *
The acid corrodes you!
You are splashed with acid!
You die...

#... . #..# .
#..# .#
#..##.##
..+...# #......
o.#...# #
#...##.# ......
##.####.<....#
#....
#.....#.######
#...#
#....g@........
#...#
#.###+#+#######
..).# #<..##.##
.Z.......
.g####.#. ..#
'## ..#


You could see Ijyb.

Vanquished Creatures
  A hound (D:3)
  2 adders
  A worm (D:2)
  5 orcs (D:3)
  4 ball pythons
  7 endoplasms
  8 goblins
  4 hobgoblins
  2 jackals (D:2)
  2 quokkas (D:3)
  5 bats
  5 frilled lizards
  7 kobolds
  4 rats
  A spectral orc (D:3)
58 creatures vanquished.

Notes
Turn   | Place    | Note
-------+----------+-------------------------------------------
     0 | D:1      | Kaptain the Demigod Earth Elementalist began the quest for
                  | the Orb.
     0 | D:1      | Reached XP level 1. HP: 14/14 MP: 5/5
   616 | D:1      | Reached XP level 2. HP: 19/20 MP: 5/7
   947 | D:2      | Reached skill level 3 in Earth Magic
  1169 | D:2      | Reached XP level 3. HP: 27/27 MP: 5/8
  1824 | D:3      | Learned a level 3 spell: Stone Arrow
  1873 | D:3      | Reached XP level 4. HP: 34/34 MP: 6/10
  2267 | D:3      | Reached skill level 1 in Fighting
  2446 | D:3      | Reached skill level 1 in Armour
  3075 | D:4      | Noticed Ijyb
  3086 | D:4      | Splashed by Ijyb's acid

Illustrated notes

Levels and vault maps discovered:
D:1:      minmay_arrival_four_circles, layout_basic,
          shapermc_ecumenical_altar_mp_highgroup, minmay_pentomino_u2
D:2:      wander_river, layout_basic, basic_altar
D:3:      layout_basic, grunt_temple_overflow_gold_and_silver,
          yredelemnul_forgotten_temple_becter, mainiacjoe_overflow_catwalk
D:4:      layout_basic, kennysheep_mini, uniq_ijyb

Skill      XL: |  1  2  3  4 |
---------------+-------------+-----
Stealth        | 2 |  2.3
Spellcasting   | 2 |  2.4
Earth Magic    | 3 |  3.4
Dodging        | 2 |  2.3
Fighting       | 1 |  1.0
Armour         | 1 |  1.0
Conjurations   | |  0.6
Transmutations | |  0.8

Action                   |  1- 3 |  4- 6 || total
-------------------------+-------+-------++-------
Melee: Mace              |     6 |    30 ||    36
 Cast: Sandblast         |    54 |    16 ||    70
       Stone Arrow       |       |     6 ||     6
  Use: Scroll            |     4 |       ||     4
 Stab: Sleeping          |       |     2 ||     2
Armor: Robe              |     7 |    10 ||    17
Dodge: Dodged            |    17 |    20 ||    37
